 Dungeon Sprint DCSS version 0.21-a0-91-ga5031da (webtiles) character file.

9135 pib the Devastator (level 11, 0/80 HPs)
             Began as an Octopode Fire Elementalist on June 30, 2017.
             Was a High Priest of Sif Muna.
             Killed from afar by a hell hog (16 damage)
             ... with a fireball
             ... in the Dungeon (Sprint V: "Ziggurat Sprint").
             The game lasted 00:17:23 (1156 turns).

pib the Devastator (Octopode Fire Elementalist)     Turns: 1156, Time: 00:17:23

Health: 0/80       AC:  1    Str: 20    XL:     11   Next: 41%
Magic:  22/33      EV:  6    Int: 32    God:    Sif Muna [*****.]
Gold:   0          SH: 26    Dex: 19    Spells: 0/29 levels left

rFire    + . .     SeeInvis +   K - staff of wizardry
rCold    . . .     Gourm    .   I - +18 shield of the Gong {rElec rN+ MR+ EV-5}
rNeg     + . .     Faith    .   (helmet restricted)
rPois    .         Spirit   .   Q - amulet of regeneration
rElec    +         Reflect  .   J - ring of see invisible
rCorr    .         Harm     .   y - +6 ring of dexterity
MR       +....     NoTele   +   z - +6 ring of intelligence
Stlth    +++.......             A - +6 ring of intelligence
HPRegen  0.63/turn              B - +6 ring of strength
MPRegen  0.23/turn              C - +6 ring of strength
                                W - ring of protection from fire
                                Z - ring of magical power

@: hasted, studying Fighting, very quick
A: almost no armour, stealthy swim, amphibious, 8 rings, constrict 8, camouflage
1, deterioration 1, screaming 1, gelatinous body 1
a: Divine Energy, Channel Magic, Forget Spell, Renounce Religion


You were in the Dungeon.
You worshipped Sif Muna.
Sif Muna was extremely pleased with you.
You were hungry.

You visited 1 branch

Inventory:

Hand Weapons
 H - the +6 Majin-Bo {vamp, Archmagi MP+6 Int+6}
   (You found it in the Dungeon)

   It inflicts no extra harm, but heals its wielder when it wounds a living foe.
   It affects your intelligence (+6).
   It affects your magic capacity (+6).
Armour
 I - the +18 shield of the Gong (worn) {rElec rN+ MR+ EV-5}
   (You found it in the Dungeon)

   It affects your evasion (-5).
   It insulates you from electricity.
   It protects you from negative energy.
   It affects your resistance to hostile enchantments.
Magical Staves
 K - an uncursed staff of wizardry (weapon)
 S - an uncursed staff of fire
 U - an uncursed staff of power
 X - an uncursed staff of conjuration
Jewellery
 x - a +6 ring of dexterity
 y - a +6 ring of dexterity (right tentacle)
 z - a +6 ring of intelligence (on tentacle)
 A - a +6 ring of intelligence (on tentacle)
 B - a +6 ring of strength (on tentacle)
 C - a +6 ring of strength (on tentacle)
 J - a ring of see invisible (left tentacle)
 Q - an amulet of regeneration (around mantle)
 W - a ring of protection from fire (on tentacle)
 Z - a ring of magical power (on tentacle)
Wands
 D - a wand of disintegration (1/24)
 E - a wand of iceblast (3/15)
 F - a wand of lightning (4/15)
 G - a wand of acid (8/15)
Scrolls
 h - 4 scrolls of blinking
 o - 4 scrolls of amnesia
 p - a scroll of recharging
 q - 7 scrolls of fog
 r - a scroll of holy word
 s - 5 scrolls of identify
 t - 5 scrolls of remove curse
 u - 2 scrolls of fear
 P - a scroll of brand weapon
Potions
 c - 10 potions of curing
 d - 8 potions of heal wounds
 e - 2 potions of haste
 f - 7 potions of magic
 g - 3 potions of berserk rage
 i - 2 potions of brilliance
 j - 2 potions of invisibility
 k - 4 potions of resistance
 m - 5 potions of agility
 n - 5 potions of might
Books
 a - a book of Flames

   Spells                             Type                      Level
   a - Flame Tongue                   Conjuration/Fire             1
   b - Throw Flame                    Conjuration/Fire             2
   c - Conjure Flame                  Conjuration/Fire             3
   d - Inner Flame                    Hexes/Fire                   3
   e - Sticky Flame                   Conjuration/Fire             4
   f - Fireball                       Conjuration/Fire             5
 l - a manual of Fighting
 L - Sif Muna's Papyrus of the Supportive Arsonist
   (Sif Muna gifted it to you in the Dungeon)

   Spells                             Type                      Level
   a - Summon Guardian Golem          Hexes/Summoning              3
   b - Sticky Flame                   Conjuration/Fire             4
   c - Bolt of Magma                  Conjuration/Fire/Earth       5
   d - Summon Greater Demon           Summoning                    7
   e - Fire Storm                     Conjuration/Fire             9
 N - a book of Frost

   Spells                             Type                      Level
   a - Freeze                         Ice                          1
   b - Throw Frost                    Conjuration/Ice              2
   c - Ozocubu's Armour               Charms/Ice                   3
   d - Throw Icicle                   Conjuration/Ice              4
   e - Summon Ice Beast               Ice/Summoning                4
 O - a book of Summonings

   Spells                             Type                      Level
   a - Recall                         Summoning/Translocation      3
   b - Aura of Abjuration             Summoning                    5
   c - Summon Demon                   Summoning                    5
   d - Summon Forest                  Summoning/Translocation      5
   e - Summon Mana Viper              Hexes/Summoning              5
   f - Shadow Creatures               Summoning                    6
 R - Sif Muna's Almanac of Aid and Flames
   (Sif Muna gifted it to you in the Dungeon)

   Spells                             Type                      Level
   a - Song of Slaying                Charms                       2
   b - Regeneration                   Charms/Necromancy            3
   c - Ignite Poison                  Fire/Transmutation/Poison    3
   d - Fireball                       Conjuration/Fire             5
   e - Bolt of Fire                   Conjuration/Fire             6
 T - Meam's Disquisition on Destructive Sinister Magic
   (Sif Muna gifted it to you in the Dungeon)

   Spells                             Type                      Level
   a - Stone Arrow                    Conjuration/Earth            3
   b - Mephitic Cloud                 Conjuration/Poison/Air       3
   c - Force Lance                    Conjuration/Translocation    4
   d - Iskenderun's Mystic Blast      Conjuration                  4
   e - Control Undead                 Necromancy                   4
 V - a book of Annihilations

   Spells                             Type                      Level
   a - Poison Arrow                   Conjuration/Poison           6
   b - Chain Lightning                Conjuration/Air              8
   c - Lehudib's Crystal Spear        Conjuration/Earth            8
   d - Glaciate                       Conjuration/Ice              9
   e - Fire Storm                     Conjuration/Fire             9
 Y - a book of Fire

   Spells                             Type                      Level
   a - Ignite Poison                  Fire/Transmutation/Poison    3
   b - Fireball                       Conjuration/Fire             5
   c - Bolt of Fire                   Conjuration/Fire             6
   d - Ring of Flames                 Charms/Fire                  7
   e - Ignition                       Fire                         8
Miscellaneous
 M - a fan of gales
Comestibles
 b - 3 bread rations
 v - 42 fruits
 w - 4 meat rations


   Skills:
 - Level 9.1 Fighting
 - Level 2.0 Dodging
 - Level 2.6 Stealth
 - Level 9.7 Spellcasting
 * Level 17.3 Conjurations
 * Level 13.6 Fire Magic
 - Level 8.2 Invocations
 - Level 8.0 Evocations


You couldn't memorise any spells.
You knew the following spells:

 Your Spells              Type           Power        Failure   Level  Hunger
a - Flame Tongue          Conj/Fire      #####        1%          1    None
b - Fireball              Conj/Fire      #######...   1%          5    ###....
c - Bolt of Fire          Conj/Fire      #######...   2%          6    #####..
d - Fire Storm            Conj/Fire      #######...   100%        9    #######
e - Ignition              Fire           #######...   88%         8    #######


Dungeon Overview and Level Annotations

Branches:
Dungeon (1/1)

Altars:
Ashenzari
Cheibriados
Dithmenos
Elyvilon
Fedhas
Gozag
Hepliaklqana
Kikubaaqudgha
Makhleb
Nemelex Xobeh
Okawaru
Qazlal
Ru
Sif Muna
Trog
Uskayaw
Vehumet
Wu Jian
Xom
Yredelemnul
Zin
The Shining One
Beogh
Jiyva
Lugonu


Innate Abilities, Weirdness & Mutations

You cannot wear most types of armour.
You are very stealthy in the water. (Stealth+)
You are amphibious.
You can wear up to eight rings at the same time.
You can use your tentacles to constrict eight enemies at once.
Your skin changes colour to match your surroundings (Stealth+).
Your rubbery body absorbs attacks. (AC +1, EV +1)
Your body sometimes deteriorates upon taking damage.
You occasionally shout uncontrollably at your foes.


Message History

Confirm with . or Enter, or press ? or * to list all spells.
Aiming: Fireball
Press: ? - help, Shift-Dir - straight line, p - tormentor The fireball explodes!
The fireball engulfs the skeletal warrior.
The skeletal warrior is lightly damaged.
The fireball engulfs the wight.
You destroy the wight!
Sif Muna accepts your kill.
The fireball engulfs the tormentor.
The tormentor resists.
The tormentor is moderately wounded.
The fireball engulfs the efreet.
The efreet appears unharmed.
The tormentor roars!
You are feeling hungry.
The tormentor calls on the powers of darkness!
Your body is wracked with pain!
* * * LOW HITPOINT WARNING * * *
The hell hog breathes fire at you.
The fireball explodes!
The fireball engulfs you! You resist.
You die...

▓..[[)[)..▓.
▓..)2§5§..▓....)):..▓.
▓.4..R§...▓.........▓.
.4.z2h...▓.........▓.
▓ ....... ▓...††....▓.
▓. ..... .▓.........▓.
▓..▓...▓..▓....†....▓.
▓.▓.....▓.▓.▓..:..▓.▓.
▓....@....▓.........▓▓
▓▓▓▓▓▓▓▓▓▓▓▓▓▓▓▓▓▓▓▓▓


You could see a skeletal warrior, a hell hog, a rust devil, 2 tormentors, an
efreet, a red devil and an iron imp.

Vanquished Creatures
  A death scarab (D)
  An alligator (shapeshifter) (D)
  A shock serpent (shapeshifter) (D)
  An unseen horror (shapeshifter) (D)
  A deep elf archer (D)
  3 deep elf magi (D)
  A cyclops (shapeshifter) (D)
  A shining eye (D)
  An ugly thing (D)
  An eye of devastation (D)
  An eye of devastation (shapeshifter) (D)
  A guardian mummy (D)
  A queen bee (shapeshifter) (D)
  A raiju (shapeshifter) (D)
  3 slime creatures (D)
  A yak (D)
  2 golden eyes (D)
  2 neqoxecs (D)
  3 nagas (D)
  2 floating eyes (D)
  A hell hound (D)
  A phantom (D)
  3 necrophages (D)
  3 eyes of draining (D)
  A wight (D)
  4 jellies (D)
  An iguana (D)
  4 mummies (D)
  An adder (D)
  A white imp (D)
  3 oozes (D)
  An adder skeleton (D)
  3 adder zombies (D)
  A bat skeleton (D)
  A bat zombie (D)
  A jackal (D)
  2 ball pythons (D)
  2 giant cockroach zombies (D)
  A jackal zombie (D)
  A quokka skeleton (D)
65 creatures vanquished.

Notes
Turn   | Place    | Note
-------+----------+-------------------------------------------
     0 | D        | pib the Octopode Fire Elementalist began the quest for the Orb.
     0 | D        | Reached XP level 1. HP: 11/11 MP: 3/3
     0 | D        | Found a deep blue altar of Sif Muna.
     0 | D        | Found a sacrificial altar of Ru.
     0 | D        | Found a bloodstained altar of Trog.
     0 | D        | Found a stormy altar of Qazlal.
     0 | D        | Found an iron altar of Okawaru.
     0 | D        | Found a sparkling altar of Nemelex Xobeh.
     0 | D        | Found a blossoming altar of Fedhas.
     2 | D        | Found a transporter.
     2 | D        | Found an ancient bone altar of Kikubaaqudgha.
     2 | D        | Found a viscous altar of Jiyva.
     2 | D        | Found a corrupted altar of Lugonu.
     2 | D        | Found a hazy altar of Hepliaklqana.
     2 | D        | Found a burning altar of Makhleb.
     2 | D        | Found an opulent altar of Gozag.
    32 | D        | Became a worshipper of Sif Muna the Loreminder
    70 | D        | Reached XP level 2. HP: 17/17 MP: 4/7
   107 | D        | Entered arena 2.
   107 | D        | Noticed a necrophage
   107 | D        | Found a transporter.
   109 | D        | Killed a necrophage
   109 | D        | Reached * piety under Sif Muna
   109 | D        | Reached skill level 3 in Conjurations
   109 | D        | Reached skill level 5 in Fire Magic
   109 | D        | Reached XP level 3. HP: 21/21 MP: 8/8
   109 | D        | Reached XP level 4. HP: 27/27 MP: 10/10
   123 | D        | Entered arena 3.
   123 | D        | Noticed a yak
   123 | D        | Found a transporter.
   125 | D        | Reached ** piety under Sif Muna
   125 | D        | Reached skill level 4 in Conjurations
   125 | D        | Reached skill level 1 in Invocations
   125 | D        | Reached XP level 5. HP: 31/31 MP: 11/11
   125 | D        | Killed a yak
   125 | D        | Reached *** piety under Sif Muna
   125 | D        | Reached skill level 6 in Conjurations
   125 | D        | Reached XP level 6. HP: 36/36 MP: 11/13
   132 | D        | Learned a level 5 spell: Fireball
   146 | D        | Entered arena 4.
   146 | D        | Noticed a deep elf mage
   146 | D        | Noticed a deep elf mage
   146 | D        | Noticed a deep elf archer
   146 | D        | Noticed a deep elf mage
   146 | D        | Found a transporter.
   149 | D        | Killed a deep elf mage
   149 | D        | Reached **** piety under Sif Muna
   149 | D        | Reached skill level 9 in Conjurations
   149 | D        | Reached XP level 7. HP: 20/41 MP: 13/16
   150 | D        | Killed a deep elf mage
   150 | D        | Reached ***** piety under Sif Muna
   150 | D        | Received a gift from Sif Muna
   150 | D        | Reached skill level 10 in Conjurations
   150 | D        | Reached XP level 8. HP: 22/46 MP: 13/18
   151 | D        | Killed a deep elf archer
   151 | D        | Reached skill level 11 in Conjurations
   153 | D        | HP: 1/46 [deep elf mage/stone arrow (22)]
   155 | D        | Killed a deep elf mage
   155 | D        | Reached skill level 10 in Fire Magic
   155 | D        | Reached XP level 9. HP: 19/51 MP: 14/21
   455 | D        | Entered arena 5.
   455 | D        | Found a transporter.
   456 | D        | Identified Sif Muna's Almanac of Aid and Flames (Sif Muna gifted it to you in the Dungeon)
   456 | D        | Received a gift from Sif Muna
   456 | D        | Reached skill level 12 in Conjurations
   468 | D        | Learned a level 6 spell: Bolt of Fire
   546 | D        | Entered arena 6.
   546 | D        | Found a transporter.
   683 | D        | Entered arena 7.
   686 | D        | Reached skill level 5 in Fighting
   686 | D        | Reached skill level 13 in Conjurations
   687 | D        | Received a gift from Sif Muna
   689 | D        | Found a transporter.
   698 | D        | Identified the Grimoire of the Vitriolic Birds (You found it in the Dungeon)
   710 | D        | Entered arena 8.
   710 | D        | Noticed a death scarab
   710 | D        | Noticed a guardian mummy
   712 | D        | Killed a guardian mummy
   716 | D        | Killed a death scarab
   716 | D        | Reached skill level 14 in Conjurations
   716 | D        | Reached XP level 10. HP: 73/74 MP: 9/22
   718 | D        | Found a transporter.
   730 | D        | Learned a level 3 spell: Conjure Flame
   751 | D        | Learned a level 8 spell: Ignition
   753 | D        | Entered arena 9.
   753 | D        | Noticed a shining eye
   753 | D        | Noticed an eye of devastation
   758 | D        | Gained mutation: You occasionally shout uncontrollably at your foes. [a shining eye]
   759 | D        | Identified Ibinoy's Compendium of Enthralling Conjuration (Sif Muna gifted it to you in the Dungeon)
   759 | D        | Received a gift from Sif Muna
   760 | D        | Gained mutation: Your body sometimes deteriorates upon taking damage. [a shining eye]
   761 | D        | Killed a shining eye
   761 | D        | Reached skill level 15 in Conjurations
   761 | D        | Killed an eye of devastation
   763 | D        | Found a transporter.
   874 | D        | Entered arena 10.
   880 | D        | Identified Sif Muna's Papyrus of the Supportive Arsonist (Sif Muna gifted it to you in the Dungeon)
   880 | D        | Received a gift from Sif Muna
   883 | D        | Found a transporter.
   988 | D        | Entered arena 11.
   991 | D        | Reached skill level 16 in Conjurations
   993 | D        | Found a transporter.
  1014 | D        | Entered arena 12.
  1014 | D        | Noticed an anaconda
  1014 | D        | Noticed a cyclops
  1016 | D        | Noticed an eye of devastation
  1016 | D        | Noticed a purple ugly thing
  1016 | D        | Noticed a great orb of eyes
  1016 | D        | an anaconda changed into a great orb of eyes
  1018 | D        | Killed an unseen horror
  1019 | D        | Identified Meam's Disquisition on Destructive Sinister Magic (Sif Muna gifted it to you in the Dungeon)
  1019 | D        | Received a gift from Sif Muna
  1019 | D        | Reached XP level 11. HP: 55/80 MP: 23/23
  1019 | D        | Noticed an alligator
  1019 | D        | a great orb of eyes changed into an alligator
  1020 | D        | Noticed a shock serpent
  1020 | D        | a shock serpent changed into a snapping turtle
  1021 | D        | Reached ****** piety under Sif Muna
  1022 | D        | Noticed a mana viper
  1022 | D        | Killed a purple ugly thing
  1022 | D        | Noticed a shock serpent
  1022 | D        | a snapping turtle changed into a shock serpent
  1024 | D        | Killed an alligator
  1024 | D        | Identified Sif Muna's Collected Works on Darkness (Sif Muna gifted it to you in the Dungeon)
  1024 | D        | Received a gift from Sif Muna
  1025 | D        | Noticed a sea snake
  1025 | D        | a mana viper changed into a sea snake
  1026 | D        | Killed a shock serpent
  1026 | D        | Reached skill level 17 in Conjurations
  1028 | D        | Noticed a cyclops
  1028 | D        | a sea snake changed into a cyclops
  1029 | D        | Killed a cyclops
  1040 | D        | Found a transporter.
  1073 | D        | Learned a level 9 spell: Fire Storm
  1153 | D        | Entered arena 13.
  1154 | D        | Noticed a skeletal warrior
  1154 | D        | Noticed a hell hog
  1156 | D        | Killed from afar by a hell hog

Vault maps used:
D:        sprint_v

Skill      XL: |  1  2  3  4  5  6  7  8  9 10 11 |
---------------+----------------------------------+-----
Evocations     | 8 |  8.0
Spellcasting   | 3 4 6 7 8 9 |  9.7
Conjurations   | 3 4 6 9 10 11 14 16 17 | 17.3
Fire Magic     | 5 6 7 8 9 10 12 13 | 13.6
Invocations    | 1 3 6 7 8 |  8.2
Fighting       | 9 |  9.1
Dodging        | |  2.0
Stealth        | |  2.6

Action                   |  1- 3 |  4- 6 |  7- 9 | 10-12 || total
-------------------------+-------+-------+-------+-------++-------
Melee: Staff             |       |       |     2 |       ||     2
       Tentacles         |       |       |     1 |       ||     1
 Cast: Fireball          |       |       |     9 |    21 ||    30
       Bolt of Fire      |       |       |     2 |     8 ||    10
Invok: Channel Magic     |       |       |     2 |     5 ||     7
       Forget Spell      |       |       |       |     1 ||     1
Evoke: Wand              |     1 |     5 |     8 |     3 ||    17
  Use: Potion            |     1 |       |     3 |     3 ||     7
       Scroll            |     2 |       |       |       ||     2
  Eat: Bread ration      |       |       |     1 |     1 ||     2
Block: Shield            |       |     1 |    15 |       ||    16
